Map: 黃金之柱 - 天梯版

Players

MysteryMan (Rilakkuma)

  • Race: Zerg Zerg
  • Spawn Location: 7:00

lemon - Winner!

  • Race: Zerg Zerg
  • Spawn Location: 1:00

Event: DreamHack SC2 Masters 2020 Winter

VOD

Have the link to the VOD?

Description

Time

  • Played on: Oct. 13, 2020, 8:17 a.m.
  • Length: 11:28

All games in this series

Show
View Real Time Build Order
Export as new Build Order

MysteryMan Zerg 

Build Orders: Pool First 

Get SALT Encoding   

  12  0:00  Drone  
  13  0:12  Overlord  
  13  0:17  Drone  
  14  0:30  Drone x2  
  14  0:35  Drone  
  17  0:45  Spawning Pool  
  17  0:48  Drone  
  17  1:09  Hatchery  
  16  1:12  Drone  
  16  1:15  Drone  
  18  1:19  Drone  
  18  1:22  Extractor  
  18  1:31  Queen  
  20  1:34  Zergling x2  
  21  1:40  Overlord  
  21  1:49  Drone  
  23  2:01  Drone  
  23  2:07  Queen  
  25  2:12  Drone  
  26  2:20  Queen  
  26  2:21  Drone x2  
  30  2:32  Drone  
  30  2:34  Overlord  
  31  2:42  Drone x3  
  34  2:47  Queen  
  36  2:53  Drone x2  
  36  2:54  Drone  
  39  3:00  Drone  
  39  3:04  Evolution Chamber  
  39  3:06  Overlord  
  39  3:08  Drone  
  40  3:14  Lair  
  40  3:17  Drone  
  41  3:20  Drone  
  41  3:23  Drone  
  42  3:27  Roach Warren  
  42  3:29  Drone  
  42  3:32  Zerg Missile Weapons Level 1  
  42  3:36  Extractor  
  42  3:37  Drone x2  
  43  3:41  Drone, Extractor  
  43  3:45  Drone x2  
  43  3:47  Drone  
  46  3:48  Drone  
  46  3:53  Evolution Chamber  
  46  3:55  Drone  
  47  4:00  Overlord  
  47  4:01  Drone x2  
  49  4:07  Drone x2  
  51  4:13  Glial Reconstitution  
  51  4:20  Hatchery  
  50  4:27  Drone x3  
  50  4:28  Drone  
  50  4:31  Extractor  
  53  4:33  Zerg Ground Armor Level 1  
  53  4:38  Roach  
  55  4:45  Drone, Overlord  
  55  4:46  Drone x3  
  55  4:50  Overseer x2  
  59  5:02  Overlord  
  59  5:04  Drone  
  59  5:05  Drone x2  
  59  5:06  Roach  
  64  5:16  Roach  
  66  5:22  Roach x4  
  66  5:24  Overlord x2  
  66  5:25  Overlord  
  66  5:27  Zerg Missile Weapons Level 2  
  74  5:30  Overlord  
  74  5:36  Drone x2  
  74  5:42  Roach x2  
  80  5:44  Drone  
  80  5:47  Pneumatized Carapace  
  80  5:49  Overlord  
  81  5:51  Roach x3  
  81  5:57  Extractor  
  86  5:58  Roach  
  86  5:59  Roach x2  
  86  6:00  Overlord  
  92  6:06  Roach x2  
  92  6:10  Roach x2  
  100  6:12  Drone x2  
  100  6:13  Drone  
  103  6:19  Roach x3  
  103  6:25  Roach x3  
  115  6:32  Overlord  
  115  6:34  Roach x3  
  121  6:40  Overlord x2  
  121  6:45  Roach x3  
  127  6:48  Overlord  
  127  6:52  Roach  
  127  6:53  Roach x2  
  133  6:56  Ravager x4  
  133  6:58  Roach  
  133  6:59  Roach  
  141  7:04  Roach  
  141  7:05  Roach x2  
  147  7:11  Roach x3  
  147  7:14  Ravager  
  147  7:15  Overlord  
  154  7:18  Roach x2  
  158  7:24  Roach  
  154  7:39  Roach x8  
  151  7:47  Roach  
  151  7:48  Roach x5  
  153  7:54  Hydralisk Den  
  128  8:04  Roach x7  
  130  8:12  Queen  
  118  8:14  Queen  
  118  8:16  Spore Crawler  
  118  8:17  Queen  
  118  8:18  Spore Crawler  
  122  8:21  Drone x2  
  124  8:31  Grooved Spines, Hydralisk  
  124  8:32  Hydralisk x2  
  130  8:39  Drone x2  
  131  8:47  Drone  
  129  8:49  Hydralisk x4  
  137  8:56  Hydralisk  
  135  9:06  Roach x6  
  135  9:09  Roach  
  131  9:16  Roach  
  131  9:17  Hydralisk x2  
  131  9:23  Hydralisk x2  
  129  9:30  Roach  
  123  9:34  Hydralisk x4  
  117  9:44  Roach x2  
  117  9:45  Roach x3  
  123  9:52  Roach  
  123  9:58  Roach x3  
  123  9:59  Queen  
  129  10:06  Roach  
  129  10:07  Roach x2  
  137  10:13  Hatchery, Roach  
  137  10:14  Roach x3  
  138  10:25  Roach x5  
  112  10:47  Roach  
  112  10:48  Roach x8  
  106  10:52  Roach x4  
  106  10:57  Roach  
  106  10:58  Roach  
  106  11:05  Roach  
  106  11:06  Roach x2  
  106  11:09  Roach  
  110  11:23  Ravager  
Show
View Real Time Build Order
Export as new Build Order

lemon Zerg - Winner!

Build Orders: Hatch First 

Get SALT Encoding   

  12  0:00  Drone  
  13  0:13  Overlord  
  13  0:19  Drone  
  14  0:32  Drone x2  
  16  0:51  Hatchery  
  16  0:53  Drone  
  16  0:56  Drone  
  17  1:00  Drone  
  18  1:09  Extractor  
  17  1:16  Spawning Pool  
  16  1:20  Drone  
  16  1:22  Drone  
  18  1:30  Drone  
  19  1:39  Drone  
  20  1:54  Drone  
  21  2:03  Queen x2  
  21  2:04  Zergling x4  
  27  2:16  Overlord  
  27  2:18  Drone  
  28  2:36  Drone x4  
  31  2:52  Drone  
  31  3:02  Drone x3  
  31  3:05  Evolution Chamber, Hatchery  
  32  3:09  Roach Warren  
  32  3:12  Drone  
  32  3:13  Overlord  
  32  3:17  Zergling x2  
  32  3:21  Drone  
  32  3:22  Drone x3  
  36  3:34  Zerg Missile Weapons Level 1  
  36  3:35  Drone x4  
  40  3:43  Lair  
  40  3:47  Overlord  
  40  3:49  Drone  
  41  3:56  Overlord  
  41  3:59  Drone x3  
  41  4:01  Extractor  
  41  4:02  Extractor  
  42  4:03  Drone x2  
  42  4:06  Drone  
  42  4:08  Drone  
  45  4:18  Drone x3  
  48  4:24  Queen  
  48  4:26  Drone  
  48  4:29  Drone  
  48  4:30  Drone  
  48  4:31  Drone x5  
  58  4:36  Overlord  
  58  4:39  Extractor  
  58  4:40  Drone  
  58  4:42  Overlord  
  58  4:43  Overseer  
  58  4:45  Glial Reconstitution  
  58  4:46  Roach  
  58  4:50  Roach  
  62  4:55  Roach x2  
  66  5:00  Roach  
  68  5:10  Drone  
  68  5:11  Drone x7  
  76  5:17  Extractor, Overlord  
  76  5:21  Overlord  
  75  5:29  Overlord  
  75  5:34  Overlord x3  
  75  5:41  Overseer  
  75  5:44  Roach  
  75  5:45  Roach x2, Overlord x3  
  75  5:46  Ravager  
  82  5:51  Spine Crawler  
  82  5:54  Zerg Missile Weapons Level 2  
  82  5:55  Drone x4  
  85  5:59  Extractor, Spire, Roach  
  85  6:00  Roach x2  
  89  6:10  Roach x5  
  89  6:11  Roach  
  101  6:17  Spine Crawler  
  100  6:21  Roach x4  
  108  6:30  Roach x4  
  116  6:37  Overlord x2  
  116  6:38  Overlord  
  116  6:51  Drone x2  
  116  6:52  Drone x2  
  120  7:10  Mutalisk x8  
  120  7:13  Mutalisk x2  
  140  7:18  Roach  
  140  7:19  Roach x2  
  146  7:29  Roach x8  
  154  7:40  Roach  
  134  7:46  Roach x2  
  122  7:53  Roach x2  
  122  7:58  Roach x4  
  114  8:05  Roach x2  
  108  8:07  Roach  
  108  8:11  Zerg Ground Armor Level 1  
  104  8:13  Drone  
  105  8:20  Drone  
  105  8:21  Drone, Queen x2  
  111  8:28  Drone x3  
  114  8:41  Roach x3  
  118  8:42  Hatchery  
  118  8:48  Drone x3  
  120  8:55  Roach x4  
  128  9:02  Roach  
  126  9:03  Queen  
  126  9:06  Roach  
  112  9:10  Roach x2  
  100  9:20  Roach  
  100  9:21  Roach x4  
  99  9:24  Roach  
  99  9:29  Drone  
  96  9:32  Roach  
  96  9:35  Roach  
  94  9:40  Roach  
  96  9:48  Roach x4  
  96  9:49  Roach x4  
  112  9:59  Roach  
  118  10:00  Roach x3  
  118  10:06  Ravager  
  119  10:10  Ravager x5  
  119  10:11  Roach  
  119  10:12  Roach x4  
  134  10:15  Roach x3  
  140  10:21  Roach  
  140  10:22  Roach x3  
  140  10:25  Roach  
  144  10:36  Roach  
  144  10:37  Roach x5  
  141  10:43  Roach  
  141  10:44  Roach x2  
  141  10:48  Roach x2  
  135  10:54  Roach x3  
  139  11:00  Roach x3  
  139  11:04  Roach  
  145  11:08  Roach x3  
Tags
 
Add a new tag
Caveats
  • Supply blocks, unpowered buildings, or Contaminate may cause inaccurate times.
  • Supply counts are checked every 10 seconds.